 Dungeon Crawl Stone Soup version 0.30-a0-457-g4b7bca3bfa (webtiles) character file.

Game seed: 9273493343271615116

77 jfcaron the Vexing (level 4, 0/34 HPs)
             Began as a Gnoll Hexslinger on Dec 14, 2022.
             Succumbed to an orc wizard's poison
             ... on level 2 of the Dungeon.
             The game lasted 00:02:51 (1582 turns).

jfcaron the Vexing (Gnoll Hexslinger)               Turns: 1582, Time: 00:02:51

Health: 0/34       AC: 10    Str: 12    XL:     4   Next: 33%
Magic:  8/8        EV:  3    Int: 12    God:
Gold:   84         SH:  0    Dex: 12    Spells: 8/9 levels left

rFire   . . .      SeeInvis .    b - +1 whip (venom)
rCold   + . .      Faith    .    (no shield)
rNeg    . . .      Spirit   .    j - +0 plate armour
rPois   .          Reflect  .    (no helmet)
rElec   .          Harm     .    (no cloak)
rCorr   .          Rampage  .    (no gloves)
Will    +....                    (no boots)
Stlth   ..........               (no amulet)
HPRegen 0.25/turn                k - ring "Lalummof" {Wiz rC+ Will+}
MPRegen 0.11/turn                (no ring)

@: lethally poisoned (0 -> -12), about to teleport
A: fangs 1, strong nose, distributed training
a: no special abilities


You were on level 2 of the Dungeon.
You visited 1 branch of the dungeon, and saw 3 of its levels.

You collected 84 gold pieces.

Inventory:

Hand Weapons
 a - a +1 sling
 b - a +1 whip of venom (weapon)
 d - a +0 short sword
Missiles
 f - 23 stones
Armour
 c - a +0 robe
 j - a +0 plate armour (worn)
Jewellery
 k - the ring "Lalummof" (left hand) {Wiz rC+ Will+}
   (You found it on level 2 of the Dungeon)

   [ring of wizardry]

   It improves your spell success rate.
   rC:        It protects you from cold.
   Will:      It increases your willpower.
Scrolls
 g - 3 scrolls of identify {unknown}
 h - a scroll of teleportation
 i - a scroll of noise {unknown}
 l - a scroll of poison


   Skills:
 + Level 2.7 Fighting
 + Level 1.1 Short Blades
 + Level 1.1 Long Blades
 + Level 1.1 Axes
 + Level 1.1 Maces & Flails
 + Level 1.1 Polearms
 + Level 1.1 Staves
 + Level 4.6 Ranged Weapons
 + Level 1.1 Throwing
 + Level 1.1 Armour
 + Level 4.6 Dodging
 + Level 1.1 Stealth
 + Level 1.1 Shields
 + Level 1.1 Unarmed Combat
 + Level 3.0 Spellcasting
 + Level 0.9 Conjurations
 + Level 5.4 Hexes
 + Level 0.9 Summonings
 + Level 0.9 Necromancy
 + Level 0.9 Translocations
 + Level 0.9 Transmutations
 + Level 0.9 Fire Magic
 + Level 0.9 Ice Magic
 + Level 0.9 Air Magic
 + Level 0.9 Earth Magic
 + Level 0.9 Poison Magic
 + Level 1.2 Invocations
 + Level 1.1 Evocations


You had 8 spell levels left.
You knew the following spells:

 Your Spells              Type           Power      Damage    Failure   Level
a - Slow                  Hex            56%        N/A       91%         1

Your spell library contained the following spells:

 Spells                   Type           Power      Damage    Failure   Level
 Freeze                   Ice            16%        1d4       100%        1
 Sting                    Tmut/Pois      16%        1d3       100%        1
 Poisonous Vapours        Pois/Air       8%         N/A       100%        2
 Frozen Ramparts          Ice            8%         1d2       100%        3
 Hailstorm                Conj/Ice       4%         3d4       100%        3
 Inner Flame              Hex/Fire       9%         N/A       100%        3
 Portal Projectile        Hex/Tloc       18%        N/A       100%        3
 Cause Fear               Hex            7%         N/A       100%        4
 Olgreb's Toxic Radiance  Pois           4%         N/A       100%        4


Dungeon Overview and Level Annotations

Branches:
Dungeon (3/15)

Altars:


Innate Abilities, Weirdness & Mutations

You have very sharp teeth.
Your uncanny sense of smell can sniff out nearby items.
Your experience applies equally to all skills.


Message History

Unknown command.
You hit the orc wizard.
The orc wizard looks as sick as possible!
You bite the orc wizard, but do no damage.
The orc wizard is heavily wounded.
You feel very sick.
The orc wizard hits you but does no damage.
You barely miss the orc wizard.
The orc wizard is severely wounded.
* * * LOW HITPOINT WARNING * * *
You feel sick.
The orc wizard gestures at you while chanting.
The magic dart hits you.
* * * LOW HITPOINT WARNING * * *
You aren't carrying any potions.
Okay, then.
Unknown command.
Casting: Slow (safe; 91% risk of failure)
Confirm with . or Enter, or press ? or * to list all spells.
Okay, then.
Unknown command.
Unknown command.
You aren't carrying any potions.
Unknown command.
Press: ? - help, v - describe, . - travel
Here: an orc wizard, wielding a +0 dagger of venom and wearing a +0 robe (almost dead, extremely poisoned)
The floor, spattered with blood.
Unknown command.
Unknown command.
Unknown command.
As you read the scroll labelled HAVVOBASAA, it crumbles to dust.
You feel strangely unstable.
It was a scroll of teleportation.
* * * LOW HITPOINT WARNING * * *
You feel sick.
The orc wizard hits you but does no damage.
You are more poisoned.
As you read the scroll labelled TOOPRE ZYHO, it crumbles to dust.
You feel a surge of unholy energy.
It was a scroll of torment.
You die...

#.# ##..###.......#
#.# #.........####
#.# #.......>.# #.#
#.........#
####.#####.........#
...................#
#....#####.........#
..#### #......o..#
### #......@..#
###########


You could see an orc wizard (extremely poisoned).

Vanquished Creatures
  3 adders (D:2)
  A dart slug (D:2)
  4 endoplasms
  5 giant cockroaches
  4 goblins
  3 hobgoblins (D:1)
  4 jackals (D:1)
  2 quokkas (D:1)
  5 ball pythons
  3 bats
  A frilled lizard (D:2)
  2 kobolds (D:1)
  6 rats
43 creatures vanquished.

Notes
Turn   | Place    | Note
-------+----------+-------------------------------------------
     0 | D:1      | jfcaron the Gnoll Hexslinger began the quest for the Orb.
     0 | D:1      | Reached XP level 1. HP: 17/17 MP: 4/4
   226 | D:1      | Reached XP level 2. HP: 23/23 MP: 5/5
   591 | D:1      | Reached XP level 3. HP: 28/28 MP: 7/7
   904 | D:2      | Reached skill level 1 in Invocations
   980 | D:2      | Reached skill level 1 in Short Blades
   980 | D:2      | Reached skill level 1 in Long Blades
   980 | D:2      | Reached skill level 1 in Axes
   980 | D:2      | Reached skill level 1 in Maces & Flails
   980 | D:2      | Reached skill level 1 in Polearms
   980 | D:2      | Reached skill level 1 in Staves
   980 | D:2      | Reached skill level 1 in Throwing
   980 | D:2      | Reached skill level 1 in Armour
   980 | D:2      | Reached skill level 1 in Stealth
   980 | D:2      | Reached skill level 1 in Shields
   980 | D:2      | Reached skill level 1 in Unarmed Combat
   980 | D:2      | Reached skill level 1 in Evocations
  1148 | D:2      | Reached XP level 4. HP: 20/34 MP: 8/8
  1255 | D:2      | Identified the ring "Lalummof" {Wiz rC+ Will+}
  1580 | D:2      | HP: 5/34 [orc wizard/magic dart (5)]
  1582 | D:2      | Succumbed to an orc wizard's poison

Illustrated notes

Levels and vault maps discovered:
D:1:      ncdulo_halloftheorcs, layout_loops_corners
D:2:      layout_rooms, kennysheep_generic_room_4
D:3:      layout_basic

Skill      XL: |  1  2  3 |
---------------+----------+-----
Invocations    | 1 |  1.2
Short Blades   | 1 |  1.1
Long Blades    | 1 |  1.1
Axes           | 1 |  1.1
Maces & Flails | 1 |  1.1
Polearms       | 1 |  1.1
Staves         | 1 |  1.1
Throwing       | 1 |  1.1
Armour         | 1 |  1.1
Stealth        | 1 |  1.1
Shields        | 1 |  1.1
Unarmed Combat | 1 |  1.1
Evocations     | 1 |  1.1
Spellcasting   | 3 |  3.0
Fighting       | |  2.7
Ranged Weapons | |  4.6
Dodging        | |  4.6
Conjurations   | |  0.9
Hexes          | |  5.4
Summonings     | |  0.9
Necromancy     | |  0.9
Translocations | |  0.9
Transmutations | |  0.9
Fire Magic     | |  0.9
Ice Magic      | |  0.9
Air Magic      | |  0.9
Earth Magic    | |  0.9
Poison Magic   | |  0.9

Action                   |  1- 3 |  4- 6 || total
-------------------------+-------+-------++-------
Melee: Whip              |       |    16 ||    16
       Bite              |       |     2 ||     2
 Fire: Sling             |   133 |    12 ||   145
 Cast: Slow              |     2 |       ||     2
  Use: Scroll            |       |     2 ||     2
Armor: Robe              |    15 |       ||    15
       Plate armour      |    26 |    23 ||    49
Dodge: Dodged            |    88 |       ||    88

Table legend: (Time is in decaauts)
 A = Elapsed time spent in this place.
 B = Non-inter-level travel time spent in this place.
 C = Inter-level travel time spent in this place.
 D = Time resting spent in this place.
 E = Time spent auto-exploring this place.
 F = Levels seen in this place.
 G = Mean time per level.
                   A        B        C        D        E       F      G
               +--------+--------+--------+--------+--------+-----+--------+
         Total |   1623 |   1563 |     60 |     52 |   1215 |   3 |  541.0 |
       Dungeon |   1623 |   1563 |     60 |     52 |   1215 |   3 |  541.0 |
               +--------+--------+--------+--------+--------+-----+--------+

Top non-repeatable levels by time:
     D:1: 924 daAuts
     D:2: 688 daAuts
     D:3: 10 daAuts
